 Dungeon Crawl Stone Soup version 0.22-a0-469-gf26638a (webtiles) character file.

90 varam the Insei (level 4, -1/27 HPs)
             Began as an Octopode Wizard on June 13, 2018.
             Slain by Crazy Yiuf
             ... wielding a +4 quarterstaff of chaos
              (6 damage)
             ... on level 2 of the Dungeon.
             The game lasted 00:10:40 (1868 turns).

varam the Insei (Octopode Wizard)                   Turns: 1868, Time: 00:10:41

Health: -1/27      AC:  1    Str:  6    XL:     4   Next: 56%
Magic:  2/8        EV: 13    Int: 23    God:
Gold:   68         SH:  0    Dex: 11    Spells: 4/9 levels left

rFire    . . .     SeeInvis .     - Unarmed
rCold    + . .     Gourm    .   (no shield)
rNeg     . . .     Faith    .   a - +0 hat
rPois    .         Spirit   .   (no amulet)
rElec    .         Reflect  .   m - +3 ring of intelligence
rCorr    .         Harm     .   c - ring of protection from cold
MR       .....                  (no ring)
Stlth    +++.......             (no ring)
HPRegen  0.09/turn              (no ring)
MPRegen  0.11/turn              (no ring)
                                (no ring)
                                (no ring)

@: lethally poisoned (-1 -> -7), very slightly contaminated
A: almost no armour, stealthy swim, amphibious, 8 rings, constrict 8, camouflage
1, gelatinous body 1
a: no special abilities


You were on level 2 of the Dungeon.
You were not hungry.

You visited 1 branch of the dungeon, and saw 2 of its levels.

You collected 68 gold pieces.

Inventory:

Missiles
 d - 2 javelins (quivered)
Armour
 a - a +0 hat (worn)
Jewellery
 c - a ring of protection from cold (right tentacle)
 m - a +3 ring of intelligence (left tentacle)
Scrolls
 g - a scroll of fog {unknown}
 i - a scroll of magic mapping {unknown}
 l - 2 scrolls of remove curse {unknown}
Potions
 b - a potion of flight {unknown}
 f - a potion of cancellation {unknown}
 h - a potion of lignification {unknown}
Comestibles
 e - 3 rations
 k - 3 chunks of flesh


   Skills:
 - Level 2.0 Dodging
 - Level 2.6 Stealth
 + Level 4.0 Unarmed Combat
 - Level 3.0 Spellcasting
 - Level 1.0 Conjurations
 - Level 1.0 Summonings
 - Level 1.0 Translocations


You had 4 spell levels left.
You knew the following spells:

 Your Spells              Type           Power        Failure   Level  Hunger
a - Magic Dart            Conj           #...         8%          1    None
b - Blink                 Tloc           N/A          12%         2    ##.....
c - Call Imp              Summ           #.......     12%         2    ##.....

Your spell library contained the following spells:

 Spells                   Type           Power        Failure   Level  Hunger
 Conjure Flame            Conj/Fire      #.......     28%         3    ###....
 Slow                     Hex            #.......     17%         2    ##.....
 Mephitic Cloud           Conj/Pois/Air  #.......     30%         3    ###....


Dungeon Overview and Level Annotations

Branches:
Dungeon (2/15)

Altars:

Annotations:
D:2 Crazy Yiuf


Innate Abilities, Weirdness & Mutations

You cannot wear most types of armour.
You are very stealthy in the water. (Stealth+)
You are amphibious.
You can wear up to eight rings at the same time.
You can use your tentacles to constrict eight enemies at once.
Your skin changes colour to match your surroundings (Stealth+).
Your rubbery body absorbs attacks. (AC +1, EV +1)


Message History

Okay, then.
You tentacle-slap Crazy Yiuf but do no damage.
You grab Crazy Yiuf.
Crazy Yiuf is moderately wounded.
You constrict Crazy Yiuf, but do no damage.
You feel sick.
Crazy Yiuf hits you with a quarterstaff of chaos.
You tentacle-slap Crazy Yiuf.
Crazy Yiuf is moderately wounded.
You constrict Crazy Yiuf.
You feel sick.
Crazy Yiuf hits you with a quarterstaff of chaos!
Ouch! That really hurt!
* * * LOW HITPOINT WARNING * * *
Crazy Yiuf draws strength from your wounds!
Okay, then.
As you read the scroll labeled COPRUI TATETI, it crumbles to dust.
You smell something weird.
It was a scroll of random uselessness.
You constrict Crazy Yiuf, but do no damage.
Crazy Yiuf hits you with a quarterstaff of chaos.
You die...

#.# ##g#
#.# #.##
#.# ##.#
#.# ##.##
#.# ##.).#
#.# #....#
#.# #)...#
#.####g...#
#....@...##
#####...##
#####


You could see Crazy Yiuf.

Vanquished Creatures
  An orc wizard (D:2)
  A gnoll (D:1)
  An adder (D:2)
  An ooze (D:1)
  A dart slug (D:2)
  2 bats
  A giant cockroach (D:1)
  2 goblins (D:1)
  5 hobgoblins
  4 kobolds
  A ball python (D:2)
  4 frilled lizards (D:2)
  4 rats
28 creatures vanquished.

Vanquished Creatures (collateral kills)
  2 adders (D:2)
2 creatures vanquished.

Grand Total: 30 creatures vanquished

Notes
Turn   | Place    | Note
-------+----------+-------------------------------------------
     0 | D:1      | varam the Octopode Wizard began the quest for the Orb.
     0 | D:1      | Reached XP level 1. HP: 11/11 MP: 4/4
   167 | D:1      | Reached skill level 1 in Unarmed Combat
   273 | D:1      | Reached XP level 2. HP: 17/17 MP: 1/6
   341 | D:1      | Learned a level 2 spell: Blink
   672 | D:1      | Reached skill level 2 in Unarmed Combat
   872 | D:1      | Reached XP level 3. HP: 21/21 MP: 1/7
  1131 | D:2      | Noticed an orc warrior
  1365 | D:2      | Learned a level 2 spell: Call Imp
  1429 | D:2      | Reached skill level 3 in Unarmed Combat
  1429 | D:2      | Reached XP level 4. HP: 23/27 MP: 4/8
  1698 | D:2      | Reached skill level 4 in Unarmed Combat
  1840 | D:2      | Found a runed door.
  1844 | D:2      | Noticed Crazy Yiuf
  1868 | D:2      | Slain by Crazy Yiuf

Vault maps used:
D:1:      lemuel_arrival_cross
D:2:      first_ration, tgw_kikubaaqudgha, uniq_crazy_yiuf_cottage

Skill      XL: |  1  2  3  4 |
---------------+-------------+-----
Unarmed Combat | 1 2 3 4 |  4.0
Dodging        | |  2.0
Stealth        | |  2.6
Spellcasting   | |  3.0
Conjurations   | |  1.0
Summonings     | |  1.0
Translocations | |  1.0

Action                   |  1- 3 |  4- 6 || total
-------------------------+-------+-------++-------
Melee: Unarmed           |    35 |    19 ||    54
       Constrict         |     8 |     4 ||    12
       Tentacles         |     7 |     2 ||     9
Throw: Javelin           |     1 |       ||     1
 Cast: Magic Dart        |    39 |    14 ||    53
       Call Imp          |     3 |     8 ||    11
  Use: Scroll            |       |     1 ||     1
 Stab: Sleeping          |     2 |     2 ||     4
  Eat: Ration            |     1 |       ||     1
Armor: Skin              |     2 |       ||     2
Dodge: Dodged            |    17 |    10 ||    27

Table legend:
 A = Spawn XP
 B = Non-spawn XP
 C = Spawn XP percentage of total XP
 D = Spawn monster count
 E = Non-spawn monster count
 F = Spawn count percentage of total count
 G = Total turns spent on level
                    A         B        C        D         E        F      G
               +---------+---------+-------+---------+---------+-------+---------
         Total |       0 |     129 |   0.0 |       0 |      30 |   0.0 |  1868
               +---------+---------+-------+---------+---------+-------+---------
           D:1 |       0 |      41 |   0.0 |       0 |      13 |   0.0 |  1324
           D:2 |       0 |      88 |   0.0 |       0 |      17 |   0.0 |   544
               +---------+---------+-------+---------+---------+-------+---------
